 Dungeon Crawl Stone Soup version 0.30-a0-12-gd8047c6341 (webtiles) character file.

Game seed: 16292747469316600890

6 xian the Vexing (level 1, -2/9 HPs)
             Began as a Spriggan Arcane Marksman on Aug 24, 2022.
             Slain by a hobgoblin (4 damage)
             ... on level 1 of the Dungeon.
             The game lasted 00:01:22 (158 turns).

xian the Vexing (Spriggan Arcane Marksman)           Turns: 158, Time: 00:01:23

Health: -2/9       AC:  2    Str:  6    XL:     1   Next: 75%
Magic:  3/3        EV: 14    Int: 14    God:
Gold:   0          SH:  0    Dex: 15    Spells: 1/2 levels left

rFire   . . .      SeeInvis +    a - +1 sling
rCold   . . .      Faith    .    (no shield)
rNeg    . . .      Spirit   .    c - +0 robe
rPois   .          Reflect  .    (helmet restricted)
rElec   .          Harm     .    (no cloak)
rCorr   .          Rampage  .    (gloves unavailable)
Will    .....                    (boots unavailable)
Stlth   +.........               (no amulet)
HPRegen 0.03/turn                (no ring)
MPRegen 0.08/turn                (no ring)

@: constricted, very quick
A: very small, no large weapons, unfitting armour, see invisible, speed 3
a: no special abilities


You were on level 1 of the Dungeon.
You visited 1 branch of the dungeon, and saw 1 of its levels.

Inventory:

Hand Weapons
 a - a +1 sling (weapon)
 e - a +0 spear
Armour
 c - a +0 robe (worn)
Scrolls
 b - a scroll of poison
 g - a scroll of enchant weapon {unknown}
 i - a scroll of identify {unknown}
Potions
 d - a potion of brilliance {unknown}
 f - a potion of haste {unknown}
 h - a potion of resistance {unknown}
 j - a potion of lignification {unknown}


   Skills:
 + Level 0.8 Fighting
 + Level 2.1 Ranged Weapons
 + Level 3.0 Dodging
 + Level 1.3 Spellcasting
 + Level 3.8 Hexes


You had one spell level left.
You knew the following spells:

 Your Spells              Type           Power      Damage    Failure   Level
a - Slow                  Hex            44%        N/A       5%          1

Your spell library contained the following spells:

 Spells                   Type           Power      Damage    Failure   Level
 Inner Flame              Hex/Fire       6%         N/A       34%         3
 Portal Projectile        Hex/Tloc       12%        N/A       34%         3
 Static Discharge         Conj/Air       0%         3-3/arc   36%         2
 Cause Fear               Hex            5%         N/A       45%         4
 Dispel Undead            Necr           0%         3d6       94%         4
 Sticky Flame             Conj/Fire      0%         2d3       94%         4
 Discord                  Hex            5%         N/A       100%        8


Dungeon Overview and Level Annotations

Branches:
Dungeon (1/15)

Altars:


Innate Abilities, Weirdness & Mutations

You are very small and have problems with some larger weapons.
You are too small for most types of armour.
You have supernaturally acute eyesight. (SInv)
You cover ground extremely quickly. (Speed+++)


Message History

The sling bullet closely misses the ball python.
Fire: a) +1 sling
Press: ? - help, Q - select action, (/) - cycle Shift-Dir - straight line, f/p - ball python
Aim: a ball python (53% to hit)
You shoot a sling bullet. The sling bullet hits the ball python.
The ball python is heavily wounded.
The ball python bites you but does no damage.
The ball python grabs you. The ball python constricts you.
Fire: a) +1 sling
Press: ? - help, Q - select action, (/) - cycle Shift-Dir - straight line, f/p - ball python
Aim: a ball python (heavily wounded, constricting you, 53% to hit)
You shoot a sling bullet.
The sling bullet barely misses the ball python.
The sling bullet closely misses the hobgoblin.
The ball python bites you but does no damage.
The ball python constricts you. The ball python barely misses you.
The ball python constricts you.
Fire: a) +1 sling
Press: ? - help, Q - select action, (/) - cycle Shift-Dir - straight line, f/p - ball python
Aim: a ball python (heavily wounded, constricting you, 53% to hit)
You shoot a sling bullet. The sling bullet hits the ball python.
The ball python is severely wounded.
The ball python barely misses you. The ball python constricts you.
* * * LOW HITPOINT WARNING * * *
You escape the ball python's grasp.
Fire: a) +1 sling
Press: ? - help, Q - select action, (/) - cycle Shift-Dir - straight line, f/p - ball python
Aim: a ball python (severely wounded, 53% to hit)
You shoot a sling bullet.
The sling bullet barely misses the ball python.
The sling bullet hits the goblin!
You kill the goblin!
Fire: a) +1 sling
Press: ? - help, Q - select action, (/) - cycle Shift-Dir - straight line, f/p - ball python
Aim: a ball python (severely wounded, 53% to hit)
You shoot a sling bullet.
The sling bullet closely misses the ball python.
The ball python misses you. The ball python grabs you.
The ball python constricts you. The hobgoblin hits you.
You die...

##....(....##
##...........##
#.............#
#.............#
#......<......#
#.............#
#.............#
#######'...........##
###...@..##.........##
#....gS..###.......##
+........# ##.....##
#....##### ###.#+#
#...)## $# #.....#
#.....### #.....'.#
#.....#.#


You could see a hobgoblin and a ball python.

Vanquished Creatures
  A giant cockroach (D:1)
  A quokka (D:1)
  A ball python (D:1)
  2 goblins (D:1)
  2 rats (D:1)
7 creatures vanquished.

Notes
Turn   | Place    | Note
-------+----------+-------------------------------------------
     0 | D:1      | xian the Spriggan Arcane Marksman began the quest for the
                  | Orb.
     0 | D:1      | Reached XP level 1. HP: 9/9 MP: 3/3
   158 | D:1      | Slain by a hobgoblin

Illustrated notes

Levels and vault maps discovered:
D:1:      lemuel_arrival_rhombus, layout_basic,
          dreamdust_ecumenical_altar_angels_and_demons, serial_forest,
          infiniplex_forest_lined_2, infiniplex_forest_clump_long,
          infiniplex_forest_clump_small, infiniplex_forest_corner_1,
          infiniplex_forest_clump_tiny, infiniplex_forest_clump_long,
          minmay_pentomino_r4

Skill      XL: |  1 |
---------------+----+-----
Dodging        | 3 |  3.0
Fighting       | |  0.8
Ranged Weapons | |  2.1
Spellcasting   | |  1.3
Hexes          | |  3.8

Action                   || total
-------------------------++-------
 Fire: Sling             ||    31
 Cast: Slow              ||     2
Armor: Robe              ||     5
Dodge: Dodged            ||    12

Table legend: (Time is in decaauts)
 A = Elapsed time spent in this place.
 B = Non-inter-level travel time spent in this place.
 C = Inter-level travel time spent in this place.
 D = Time resting spent in this place.
 E = Time spent auto-exploring this place.
 F = Levels seen in this place.
 G = Mean time per level.
                   A        B        C        D        E       F      G
               +--------+--------+--------+--------+--------+-----+--------+
         Total |    126 |    126 |      0 |      0 |     50 |   1 |  126.0 |
       Dungeon |    126 |    126 |      0 |      0 |     50 |   1 |  126.0 |
               +--------+--------+--------+--------+--------+-----+--------+

Top non-repeatable levels by time:
     D:1: 126 daAuts
